 Dungeon Crawl Stone Soup version 0.30-a0-964-gd452b5e7fa (webtiles) character file.

Game seed: 16144447689747700933

147 123456 the Digger (level 5, 0/28 HPs)
             Began as a Gargoyle Earth Elementalist on Mar 30, 2023.
             Was an Initiate of Gozag.
             Slain by a gnoll bouda
             ... wielding a +0 club
              (9 damage)
             ... on level 3 of the Dungeon.
             The game lasted 00:03:15 (2513 turns).

123456 the Digger (Gargoyle Earth Elementalist)     Turns: 2513, Time: 00:03:16

Health: 0/28       AC:  7    Str: 12    XL:     5   Next: 29%
Magic:  3/9        EV: 12    Int: 17    God:    Gozag
Gold:   97         SH:  5    Dex: 10    Spells: 6/10 levels left

rFire   . . .      SeeInvis .    g - +0 dagger
rCold   . . .      Faith    .    (no shield)
rNeg    + . .      Spirit   .    h - +0 robe
rPois   ∞          Reflect  +    (no helmet)
rElec   +          Rampage  .    (no cloak)
rCorr   .                        (no gloves)
Will    .....                    d - +0 pair of boots
Stlth   ++                       e - amulet of reflection
HPRegen 0.24/turn                (no ring)
MPRegen 0.11/turn                (no ring)

@: about to teleport, weakened
A: sickness immunity, AC +4, negative energy resistance 1, electricity
resistance, torment resistance 1, petrification resistance
a: Renounce Religion, Potion Petition, Call Merchant, Bribe Branch


You were on level 3 of the Dungeon.
You worshipped Gozag.
Gozag was noncommittal.
You visited 1 branch of the dungeon, and saw 3 of its levels.

You collected 145 gold pieces.
You paid 48 gold pieces to Gozag.

Inventory:

Hand Weapons
 g - a +0 dagger (weapon)
Armour
 d - a +0 pair of boots (worn)
 h - a +0 robe (worn)
Jewellery
 e - an amulet of reflection (around neck)
Scrolls
 c - a scroll of vulnerability {unknown}
 f - a scroll of teleportation
 l - 2 scrolls of identify
 n - a scroll of fear {unknown}
 o - a scroll of enchant weapon {unknown}
Potions
 a - a potion of heal wounds {unknown}
 b - 3 potions of magic
 i - a potion of haste {unknown}
 j - a potion of lignification {unknown}
 k - 3 potions of attraction {unknown}
 m - a potion of brilliance {unknown}
 p - a potion of mutation {unknown}


   Skills:
 + Level 2.2 Dodging
 + Level 3.0 Stealth
 * Level 3.2 Spellcasting
 + Level 0.7 Conjurations
 - Level 0.7 Transmutations
 * Level 5.1 Earth Magic


You had 6 spell levels left.
You knew the following spells:

 Your Spells              Type           Power      Damage    Failure   Level
a - Sandblast             Erth           40%        2d10      2%          1
b - Stone Arrow           Conj/Erth      24%        3d8       16%         3

Your spell library contained the following spells:

 Spells                   Type           Power      Damage    Failure   Level
 Passwall                 Tmut/Erth      10%        N/A       8%          2
 Petrify                  Tmut/Erth      12%        N/A       45%         4


Dungeon Overview and Level Annotations

Branches:
Dungeon (3/15)

Altars:
Gozag
Nemelex Xobeh


Innate Abilities, Weirdness & Mutations

You are immune to sickness and miasma.
Your stone body is resilient. (AC +4)
You are immune to poison.
You resist negative energy. (rN+)
You are resistant to electric shocks. (rElec)
You are resistant to unholy torment.
You are immune to petrification.


Message History

Casting: Sandblast (safe; 2% risk of failure)
Confirm with . or Enter, or press ? or * to list all spells.
You don't have enough magic to cast this spell.
The gnoll bouda gazes fiercely through you!
You feel as though you will be weak longer.
The gnoll bouda closely misses you.
The gnoll bouda hits you with a +0 whip.
The gnoll bouda attacks as you move away!
The gnoll bouda hits you with a +0 whip.
The gnoll bouda is no longer moving quickly.
The gnoll bouda gazes fiercely through you!
You feel as though you will be weak longer.
The gnoll bouda attacks as you move away!
The gnoll bouda hits you with a +0 club.
Found a stone staircase leading down.
The gnoll bouda barks out a call to the hunt!
The gnoll bouda picks up the pace!
The gnoll bouda closely misses you.
You open the door.
The gnoll bouda gazes fiercely through you!
You feel as though you will be weak longer.
The gnoll bouda gazes fiercely through you!
You feel as though you will be weak longer.
Found a leather armour.
The gnoll bouda hits you with a +0 club.
* * * LOW HITPOINT WARNING * * *
There is an open door here.
The gnoll bouda is no longer moving quickly.
As you read the scroll labelled GALAEQ PIHYDO, it crumbles to dust.
It is a scroll of identify.
f - 2 scrolls of teleportation The gnoll bouda barks out a call to the hunt!
The gnoll bouda picks up the pace!
As you read the scroll of teleportation, it crumbles to dust.
You feel strangely unstable. The gnoll bouda barely misses you.
The gnoll bouda attacks as you move away!
The gnoll bouda hits you with a +0 club!
You die...
Your body crumbles into a pile of gold.

≈≈≈≈≈≈≈≈~≈~....~≈≈≈≈≈≈≈≈≈
~~~~~~~≈≈~~....~$~~≈~~~≈~
...)..........$$.........
...............g........>
#################..#####
##### #..## ###...##
##'## ##..8..## #gg.#
#.......# +.@.# #..._...#
#..[# '.⌠...⌠.# .....#
#..._...# .......#
#.......#.......###
##..8..##....... .##...##
##+#### ..##### ...#


You could see 2 gnoll boudas.

Vanquished Creatures
  An iguana (D:2)
  Robin (D:2)
  3 gnolls (D:3)
  2 worms (D:3)
  2 dart slugs
  8 orcs (D:3)
  A ball python (D:2)
  6 endoplasms
  A giant cockroach (D:1)
  10 goblins
  3 hobgoblins
  4 jackals (D:3)
  4 kobolds (D:1)
  3 quokkas
  5 bats
  3 frilled lizards
  6 rats
63 creatures vanquished.

Notes
Turn   | Place    | Note
-------+----------+-------------------------------------------
     0 | D:1      | 123456 the Gargoyle Earth Elementalist began the quest for
                  | the Orb.
     0 | D:1      | Reached XP level 1. HP: 10/10 MP: 3/3
   226 | D:1      | Reached XP level 2. HP: 2/15 MP: 1/5
   475 | D:1      | Reached skill level 4 in Earth Magic
   971 | D:2      | Reached XP level 3. HP: 19/19 MP: 4/6
  1686 | D:2      | Noticed Robin
  1703 | D:2      | Killed Robin
  1884 | D:2      | Reached XP level 4. HP: 16/24 MP: 3/8
  1888 | D:2      | Learned a level 3 spell: Stone Arrow
  2226 | D:3      | Found a sparkling altar of Nemelex Xobeh.
  2226 | D:3      | Found an opulent altar of Gozag.
  2234 | D:3      | Became a worshipper of Gozag Ym Sagoz the Greedy
  2415 | D:3      | Reached XP level 5. HP: 28/28 MP: 6/9
  2470 | D:3      | Reached skill level 5 in Earth Magic
  2513 | D:3      | Slain by a gnoll bouda

Illustrated notes

Levels and vault maps discovered:
D:1:      sevenhm_arrival_forest_fort_small_4, layout_loops_ring
D:2:      layout_basic, grunt_decor_mini_mirrors, uniq_robin
D:3:      lemuel_castle_with_subvaults [lemuel_castle_interior_carwin_1],
          layout_basic, grunt_temple_overflow_opulence, uniq_jessica

Skill      XL: |  1  2  3  4  5 |
---------------+----------------+-----
Earth Magic    | 4 5 |  5.1
Dodging        | 2 |  2.2
Spellcasting   | 3 |  3.2
Stealth        | 3 |  3.0
Conjurations   | |  0.7
Transmutations | |  0.7

Action                     |  1- 3 |  4- 6 || total
---------------------------+-------+-------++-------
  Melee: Dagger            |    20 |    15 ||    35
   Cast: Sandblast         |    50 |    36 ||    86
         Stone Arrow       |       |     2 ||     2
    Use: Scroll            |       |     2 ||     2
   Stab: Sleeping          |     1 |       ||     1
 Armour: Robe              |     9 |     6 ||    15
  Dodge: Dodged            |    24 |    28 ||    52
  Block: Other             |     6 |     9 ||    15

Table legend: (Time is in decaauts)
 A = Elapsed time spent in this place.
 B = Non-inter-level travel time spent in this place.
 C = Inter-level travel time spent in this place.
 D = Time resting spent in this place.
 E = Time spent auto-exploring this place.
 F = Levels seen in this place.
 G = Mean time per level.
                   A        B        C        D        E       F      G
               +--------+--------+--------+--------+--------+-----+--------+
         Total |   2561 |   2538 |     23 |     54 |   2047 |   3 |  853.7 |
       Dungeon |   2561 |   2538 |     23 |     54 |   2047 |   3 |  853.7 |
               +--------+--------+--------+--------+--------+-----+--------+

Top non-repeatable levels by time:
     D:2: 1074 daAuts
     D:1: 986 daAuts
     D:3: 501 daAuts
